 Dungeon Crawl Stone Soup version 0.21.1-1-g345015fe64 (webtiles) character file.

141 Kohma the Shield-Bearer (level 5, -1/33 HPs)
             Began as a Gargoyle Fighter on June 17, 2018.
             Slain by a two-headed ogre
             ... wielding a +0 giant club
              (10 damage)
             ... on level 2 of the Dungeon.
             The game lasted 00:04:35 (1744 turns).

Kohma the Shield-Bearer (Gargoyle Fighter)          Turns: 1744, Time: 00:04:36

Health: -1/33      AC: 18    Str: 21    XL:     5   Next: 24%
Magic:  5/5        EV:  4    Int:  8    God:
Gold:   71         SH:  9    Dex:  9    Spells: 4/4 levels left

rFire    . . .     SeeInvis .   a - +0 flail
rCold    . . .     Gourm    .   c - +0 shield
rNeg     + . .     Faith    .   i - +0 plate armour
rPois    ∞         Spirit   .   (no helmet)
rElec    +         Reflect  .   o - +1 cloak
rCorr    .         Harm     .   (no gloves)
MR       .....                  (no boots)
Stlth    ..........             (no amulet)
HPRegen  0.11/turn              (no ring)
MPRegen  0.09/turn              (no ring)

@: no status effects
A: negative energy resistance 1, electricity resistance, unbreathing,
petrification resistance, rot immunity, AC +4
a: no special abilities


You were on level 2 of the Dungeon.
You were not hungry.

You visited 1 branch of the dungeon, and saw 3 of its levels.

You collected 71 gold pieces.

Inventory:

Hand Weapons
 a - a +0 flail (weapon)
 e - a +0 mace
Missiles
 m - 8 javelins (quivered)
 q - 5 tomahawks
Armour
 b - a +0 scale mail
 c - a +0 shield (worn)
 i - a +0 plate armour (worn)
 o - a +1 cloak (worn)
Jewellery
 t - a +4 ring of intelligence {unknown}
Scrolls
 g - a scroll of identify {unknown}
 h - a scroll of teleportation {unknown}
 j - 2 scrolls of remove curse {unknown}
 n - a scroll of amnesia {unknown}
 r - a scroll of enchant armour {unknown}
 s - a scroll of noise {unknown}
Potions
 d - 2 potions of might
 k - a potion of agility {unknown}
 p - a potion of brilliance {unknown}
Comestibles
 f - 3 rations
 l - 4 chunks of flesh


   Skills:
 + Level 3.8 Fighting
 * Level 3.4 Maces & Flails
 + Level 4.0 Armour
 * Level 4.4 Shields


You had 4 spell levels left.
You didn't know any spells.

Dungeon Overview and Level Annotations

Branches:
Dungeon (3/15)

Altars:


Innate Abilities, Weirdness & Mutations

You are resistant to torment.
Your stone body is resilient. (AC +4)
You are immune to poison.
You resist negative energy. (rN+)
You are resistant to electric shocks. (rElec)
You can survive without breathing.
You are immune to petrification.
You are immune to rotting.


Message History

The two-headed ogre hits you with a dire flail!
You block the quokka's attack.
A dart slug comes into view.
There is a stone staircase leading up here.
The two-headed ogre hits you with a giant club!
You block the two-headed ogre's attack.
The quokka bites you but does no damage.
You climb upwards.
There is a stone staircase leading down here.
You barely miss the quokka.
The quokka bites you but does no damage.
The two-headed ogre barely misses you.
The two-headed ogre hits you with a dire flail.
* * * LOW HITPOINT WARNING * * *
You hit the quokka.
The quokka is heavily wounded.
You block the quokka's attack.
The quokka bites you but does no damage.
The two-headed ogre hits you with a giant club!
You die...

#.............#
#.##########
#######'#####.###.#
#.#.........#
#.#.#...#####
#.#.#.#########
#...#.# #.....#
###.).# #.###.#
#.#####...#.###
#..r@O..#.#...#####
#########.#...#...#
###.#.###.#.#
#.....#...#.#
#.....#.###.#
#.....#...#.#
#.....###.#.#
#......##.#.#
###.#..#(...#


You could see a two-headed ogre and a quokka.

Vanquished Creatures
  A phantom (D:2)
  2 adders
  An ooze (D:2)
  2 worms (D:2)
  2 dart slugs (D:2)
  2 giant cockroaches (D:1)
  8 goblins
  3 hobgoblins
  2 bats
  A kobold (D:2)
  5 rats
29 creatures vanquished.

Notes
Turn   | Place    | Note
-------+----------+-------------------------------------------
     0 | D:1      | Kohma the Gargoyle Fighter began the quest for the Orb.
     0 | D:1      | Reached XP level 1. HP: 14/14 MP: 1/1
   618 | D:1      | Reached XP level 2. HP: 19/19 MP: 2/2
  1075 | D:2      | Reached XP level 3. HP: 23/23 MP: 3/3
  1287 | D:2      | Noticed a phantom
  1411 | D:2      | Killed a phantom
  1411 | D:2      | Reached XP level 4. HP: 9/29 MP: 4/4
  1411 | D:2      | Reached XP level 5. HP: 11/33 MP: 5/5
  1730 | D:3      | Noticed a two-headed ogre
  1744 | D:2      | Slain by a two-headed ogre

Skill      XL: |  1  2  3 |
---------------+----------+-----
Maces & Flails | 3 |  3.4
Armour         | 4 |  4.0
Shields        | 4 |  4.4
Fighting       | |  3.8

Action                   |  1- 3 |  4- 6 || total
-------------------------+-------+-------++-------
Melee: Flail             |   187 |    19 ||   206
  Eat: Chunk             |     1 |       ||     1
       Ration            |       |     1 ||     1
Armor: Plate armour      |   132 |    19 ||   151
       Scale mail        |    12 |       ||    12
Dodge: Dodged            |    22 |     3 ||    25
Block: Shield            |    81 |    16 ||    97
